 Dungeon Crawl Stone Soup version 0.30.1-4-g462c640d31 (webtiles) character file.

Game seed: 1723370310921807167

480 Peloso the Slasher (level 7, 0/52 HPs)
             Began as a Djinni Fighter on Aug 22, 2023.
             Was an Initiate of Okawaru.
             Slain by Edmund
             ... wielding a +2 flail of holy wrath
              (5 damage)
             ... on level 5 of the Dungeon.
             The game lasted 00:06:23 (2965 turns).

Peloso the Slasher (Djinni Fighter)                 Turns: 2965, Time: 00:06:23

Health: 0/52       AC: 12    Str: 17    XL:     7   Next: 34%
Gold:   221        EV:  5    Int:  9    God:    Okawaru [......] SH:  5 Dex: 13

rFire   + + .        a - +1 long sword
rCold   x . .        c - +0 buckler
rNeg    + . .        o - +0 plate armour
rPois   ∞            (no helmet)
rElec   .            (no cloak)
rCorr   +            (no gloves)
SInv    .            (boots unavailable)
Will    .....        (no amulet) Stlth
                     p - ring of resist corrosion
HPRegen 0.28/turn    h - ring of positive energy
MPRegen 0.00/turn

%: infuse magic (-1 HP)
@: flying, studying Staves
A: sickness immunity, fire resistance 2, cold vulnerability 1, float, innate
caster, HP casting, extra vitality 1
a: Renounce Religion


You were on level 5 of the Dungeon.
You worshipped Okawaru.
Okawaru was noncommittal.
You visited 2 branches of the dungeon, and saw 6 of its levels.

You collected 221 gold pieces.

Inventory:

Hand Weapons
 a - a +1 long sword (weapon)
Armour
 b - a +0 scale mail
 c - a +0 buckler (worn)
 o - a +0 plate armour (worn)
Jewellery
 h - a ring of positive energy (right hand)
 p - a ring of resist corrosion (left hand)
Scrolls
 e - a scroll of vulnerability {unknown}
Potions
 d - a potion of might
 f - a potion of ambrosia
 g - a potion of curing
 j - a potion of magic
 k - 2 potions of mutation {unknown}
 m - 3 potions of lignification {unknown}
 n - a potion of heal wounds {unknown}


   Skills:
 + Level 4.0 Fighting
 + Level 4.8 Long Blades
 + Level 4.7 Armour
 + Level 0.7 Dodging
 + Level 3.8 Shields


You knew the following spells:

 Your Spells              Type           Power      Damage    Failure   Level
a - Shock                 Conj/Air       0%         1d3       100%        1
b - Blink                 Tloc           0%         N/A       100%        2
c - Dazzling Flash        Conj/Hex       0%         N/A       100%        3
Your spell library was empty.


Dungeon Overview and Level Annotations

Branches:
Dungeon (5/15)             Temple (1/1) D:4

Altars:
Ashenzari
Cheibriados
Dithmenos
Elyvilon
Fedhas
Makhleb
Nemelex Xobeh
Okawaru
Qazlal
Ru
Wu Jian
Yredelemnul
Zin
The Shining One

Annotations:
D:3 1 runed translucent door
D:5 Edmund


Innate Abilities, Weirdness & Mutations

You are immune to sickness and miasma.
You are immune to poison.
Your flesh is very heat resistant. (rF++)
You are vulnerable to cold. (rC-)
You float through the air rather than walking.
You learn spells naturally, not from books.
Your magical power is your life essence.
You have superior vitality. (+4 MHP)


Message History

You slash something! Okawaru is honoured by your kill.
Reactivating autopickup.
You feel a bit more experienced.
Your Fighting skill increases to level 4!
You have reached level 7!
The power to cast Dazzling Flash wells up from within.
Spell assigned to 'c'.
Things that are here:
a +0 scythe; a +0 robe HP restored.
Edmund the Younger comes into view.
He is wielding a +2 flail of holy wrath.
Edmund shouts!
Okay, then.
Edmund hits you with a +2 flail of holy wrath!
You barely miss Edmund.
Edmund hits you with a +2 flail of holy wrath.
You hit Edmund.
Edmund is lightly wounded.
Edmund hits you but does no damage.
Edmund hits you with a +2 flail of holy wrath!
You closely miss Edmund.
Edmund is lightly wounded.
Edmund hits you with a +2 flail of holy wrath.
You hit Edmund.
Edmund is lightly wounded.
Edmund hits you with a +2 flail of holy wrath!
You slash Edmund!
Edmund is moderately wounded.
Edmund hits you with a +2 flail of holy wrath!
* * * LOW HITPOINT WARNING * * *
You hit Edmund.
Edmund is moderately wounded.
Edmund hits you with a +2 flail of holy wrath!
* * * LOW HITPOINT WARNING * * *
You barely miss Edmund.
Edmund is moderately wounded.
Edmund hits you but does no damage.
Edmund hits you with a +2 flail of holy wrath.
You die...

. #..#..##..#.##.#
.#########..#......#..#.#
................#..#....#
................#..#..###
............#...#~~#.##
............#...####.#
......<.....#...#..#.#
............#...#..#.#
#...........#...@@.#.#
#...........#[#....#.#
#.....####..########.#
####### #...........#
#...........#
#############


You could see Edmund.

Vanquished Creatures
  Sigmund (D:5)
  A howler monkey (D:4)
  2 hounds
  A human skeleton (D:3)
  13 adders
  2 worms
  7 orcs
  A bat (D:3)
  2 endoplasms
  A giant cockroach (D:4)
  5 goblins
  12 hobgoblins
  8 jackals (D:2)
  2 quokkas (D:2)
  4 ball pythons
  2 frilled lizards (D:1)
  2 jackal skeletons (D:3)
  9 kobolds
  7 rats
82 creatures vanquished.

Notes
Turn   | Place    | Note
-------+----------+-------------------------------------------
     0 | D:1      | Peloso the Djinni Fighter began the quest for the Orb.
     0 | D:1      | Reached XP level 1. HP: 20/20 MP: 0/0
   108 | D:1      | Reached XP level 2. HP: 23/25 MP: 0/0
   783 | D:2      | Reached XP level 3. HP: 30/30 MP: 0/0
   783 | D:2      | Learned a level 1 spell: Shock
  1025 | D:2      | Reached XP level 4. HP: 30/35 MP: 0/0
  1351 | D:3      | Reached XP level 5. HP: 22/40 MP: 0/0
  1351 | D:3      | Learned a level 2 spell: Blink
  1598 | D:3      | Found a runed translucent door.
  1598 | D:3      | Noticed a human
  1602 | D:3      | Found a basalt altar of Yredelemnul.
  2000 | D:3      | Reached XP level 6. HP: 24/46 MP: 0/0
  2162 | D:4      | Found a staircase to the Ecumenical Temple.
  2179 | Temple   | Entered the Ecumenical Temple
  2236 | Temple   | Became a worshipper of Warmaster Okawaru
  2821 | D:5      | Entered Level 5 of the Dungeon
  2882 | D:5      | Noticed Sigmund
  2894 | D:5      | Killed Sigmund
  2895 | D:5      | Reached XP level 7. HP: 38/52 MP: 0/0
  2895 | D:5      | Learned a level 3 spell: Dazzling Flash
  2957 | D:5      | Noticed Edmund
  2965 | D:5      | Slain by Edmund

Illustrated notes

Levels and vault maps discovered:
D:1:      roderic_dead_forest, layout_basic, minmay_misc_feat_encased,
          minmay_misc_feat_more_columns, serial_bayou_crossing
D:2:      layout_rooms
D:3:      layout_rooms, dk_yredelemnul_ordeal, minmay_door_square
D:4:      layout_cave_pools, minmay_temple_entry_mist, minmay_manual_mullet
D:5:      gammafunk_cloud_chamber, layout_basic,
          mainiacjoe_overflow_small_starburst, nrook_loot_triangle,
          sigmund_edmund_badplayer
Temple:   nicolae_temple_superstar

Skill      XL: |  1  2  3  4  5  6 |
---------------+-------------------+-----
Long Blades    | 2 3 4 |  4.8
Armour         | 4 |  4.7
Fighting       | 4 |  4.0
Dodging        | |  0.7
Shields        | |  3.8

Action                     |  1- 3 |  4- 6 |  7- 9 || total
---------------------------+-------+-------+-------++-------
  Melee: Long sword        |   111 |   210 |     7 ||   328
    Use: Scroll            |     1 |     6 |       ||     7
 Armour: Scale mail        |    60 |    29 |       ||    89
         Plate armour      |       |   111 |     2 ||   113
  Dodge: Dodged            |    61 |    64 |       ||   125
  Block: Buckler           |    22 |    54 |       ||    76
